AoeStats
← matteorz

Black Forest

505176961Analyzed
1v1 RM · 25d ago on Sep 8, 2026· 402m 43s· 2 players
Game mode
Random Map
Map size
Tiny (2 player)
Population
200
Speed
Normal
Resources
Standard
Victory
Conquest
Starting age
Dark Age
Ending age
Imperial Age
RankedLock teamsTeams togetherTeam positionsShared explorationLock speedFull tech treeHidden civsTurbo modeCheats
Victory
Defeat
🇨🇳 Chinese · China
458
+17
🇦🇷 Burgundians · Argentina
480
-17
Gemini_X🤑
13:17 Feudal Age
11:33 Loom
16:56 Double-Bit Axe
19:22 Castle Age
18:45 Horse Collar
20:07 Stone Mining
28:57 Ballistics
29:43 Great Wall
31:16 Gold Mining
32:09 Stone Shaft Mining
34:51 Padded Archer Armor
34:41 Fletching
38:23 Imperial Age
39:37 Conscription
40:21 Heavy Plow
40:40 Leather Archer Armor
40:20 Bodkin Arrow
42:09 Elite Chu Ko Nu
45:21 Bow Saw
48:58 Rocketry
49:39 Heavy Rocket Cart
50:36 Bracer
54:45 Chemistry
53:43 Murder Holes
53:58 Fortified Wall
53:59 Masonry
55:09 Chemistry
58:27 Bloodlines
58:18 Husbandry
57:53 Cavalier
62:43 Ring Archer Armor
63:18 Wheelbarrow
62:30 Town Watch
63:22 Architecture
63:16 Bombard Tower
62:42 Arrowslits
89:27 Two-Man Saw
105:20 Light Cavalry
118:46 Scale Barding Armor
118:53 Forging
118:44 Scale Mail Armor
124:28 Hand Cart
124:15 Town Patrol
124:44 Chain Barding Armor
125:03 Iron Casting
124:47 Chain Mail Armor
137:41 Thumb Ring
137:03 Crossbowman
140:45 Blast Furnace
140:15 Plate Mail Armor
140:20 Plate Barding Armor
176:39 Arbalester
178:38 Spies/Treason
180:29 Theocracy
180:23 Block Printing
180:12 Herbal Medicine
180:23 Devotion
180:26 Atonement
180:51 Illumination
180:37 Fervor
180:48 Sanctity
187:33 Faith
189:55 Arson
190:12 Squires
189:34 Elite Fire Lancer
212:24 Sappers
212:23 Capped Ram
212:28 Heavy Scorpion
218:34 Careening
218:35 Clinker Construction
218:16 Guard Tower
218:47 Shipwright
218:18 Heated Shot
218:35 Siphons
225:04 Keep
224:59 Dry Dock
233:11 Gold Shaft Mining
243:44 Siege Ram
matteorz
12:55 Feudal Age
14:02 Wheelbarrow
13:21 Double-Bit Axe
13:20 Horse Collar
15:27 Hand Cart
15:33 Bow Saw
15:26 Heavy Plow
16:55 Gold Mining
18:28 Hand Cart
23:26 Castle Age
22:04 Stone Mining
22:37 Fletching
25:15 Crop Rotation
25:36 Gold Shaft Mining
25:51 Stone Shaft Mining
26:43 Two-Man Saw
34:00 Ballistics
33:44 Bodkin Arrow
33:55 Scale Barding Armor
36:59 Crossbowman
38:08 Murder Holes
38:38 Burgundian Vineyards
43:45 Fortified Wall
47:15 Imperial Age
47:28 Chain Barding Armor
47:20 Forging
47:02 Cavalier
47:44 Husbandry
47:32 Elite Coustillier
51:16 Chemistry
50:02 Arrowslits
50:41 Guilds
53:36 Plate Barding Armor
53:41 Iron Casting
52:41 Paladin
56:25 Fervor
57:00 Illumination
56:55 Block Printing
66:42 Blast Furnace
104:04 Elite Skirmisher
110:07 Padded Archer Armor
111:43 Leather Archer Armor
132:40 Bracer
146:19 Flemish Revolution
147:16 Scale Mail Armor
Connection lost

Rejoining the realm…

Still unreachable

The connection could not be restored.

Session expired

The server has moved on; the page needs a fresh start.